 Dungeon Crawl Stone Soup version 0.21.1-1-g345015f (webtiles) character file.

49 Inarius the Skirmisher (level 3, -7/34 HPs)
             Began as a Minotaur Berserker on Feb 8, 2018.
             Was a Follower of Trog.
             Mangled by a gnoll
             ... wielding a +0 halberd
              (10 damage)
             ... on level 3 of the Dungeon.
             The game lasted 00:03:07 (1652 turns).

Inarius the Skirmisher (Minotaur Berserker)         Turns: 1652, Time: 00:03:08

Health: -7/34      AC:  6    Str: 22    XL:     3   Next: 53%
Magic:  2/2        EV:  5    Int:  2    God:    Trog [*.....]
Gold:   143        SH:  0    Dex:  9    Spells: 2/2 levels left

rFire    . . .     SeeInvis .   o - +2 flail (protect)
rCold    . . .     Gourm    .   (no shield)
rNeg     . . .     Faith    .   m - +0 scale mail
rPois    +         Spirit   .   (helmet unavailable)
rElec    .         Reflect  .   (no cloak)
rCorr    .         Harm     .   (no gloves)
MR       .....                  (no boots)
Stlth    ..........             (no amulet)
HPRegen  0.11/turn              d - ring of poison resistance
MPRegen  0.08/turn              (no ring)

@: held, hasted, very quick
A: retaliatory headbutt, horns 3, dopey 1, mutation resistance 1
a: Berserk, Burn Spellbooks, Renounce Religion


You were on level 3 of the Dungeon.
You worshipped Trog.
Trog was aware of your devotion.
You were not hungry.

You visited 1 branch of the dungeon, and saw 3 of its levels.

You collected 143 gold pieces.

Inventory:

Hand Weapons
 a - a +0 hand axe
 o - a +2 flail of protection (weapon)
Missiles
 k - a steel javelin (quivered)
Armour
 m - a +0 scale mail (worn)
Jewellery
 d - a ring of poison resistance (left hand)
Scrolls
 b - a scroll of amnesia {unknown}
 e - a scroll of random uselessness {unknown}
 g - 2 scrolls of teleportation {unknown}
 i - a scroll of remove curse {unknown}
 j - 2 scrolls of identify {unknown}
 l - a scroll of magic mapping {unknown}
 n - 2 scrolls of enchant armour {unknown}
Potions
 q - a potion of flight {unknown}
Comestibles
 c - 3 rations
 h - a chunk of flesh


   Skills:
 + Level 4.4 Fighting
 + Level 4.4 Axes
 + Level 3.0 Armour
 + Level 2.4 Dodging


You had 2 spell levels left.
You didn't know any spells.

Dungeon Overview and Level Annotations

Branches:
Dungeon (3/15)

Altars:


Innate Abilities, Weirdness & Mutations

You reflexively headbutt those who attack you in melee.
You have a pair of large horns on your head.
You are dopey. (Int -2)
You are somewhat resistant to further mutation.


Message History

You become entangled in the net!
The gnoll barely misses you.
Found a scroll labeled UVIAHO VIKIEXI.
Things that are here:
a throwing net; a rat corpse You struggle against the net.
The gnoll hits you from afar with a halberd!
You struggle against the net.
You struggle against the net.
The gnoll hits you from afar with a halberd.
The gnoll hits you from afar with a halberd!
You struggle against the net.
The gnoll hits you from afar with a halberd!
* * * LOW HITPOINT WARNING * * *
It was a potion of mutation.
You feel extremely strange.
You feel stupid. The horns on your head grow some more.
You feel genetically stable. The gnoll barely misses you.
The gnoll hits you but does no damage.
It was a potion of haste.
You feel yourself speed up.
The gnoll hits you from afar with a halberd!
You die...

?.. #.# #.# #.#
#.# ########.#
.........#####
.......<.@.gg#
.#.#.#.?##.#.....
...........g...$.
.#.#....##.#... .
......... ...###
........# .###
##..<.... ?#
####.### ## #.


You could see 3 gnolls.

Vanquished Creatures
  Terence (D:2)
  2 worms (D:2)
  A leopard gecko (D:1)
  3 bats
  3 goblins
  A hobgoblin (D:2)
  A quokka (D:2)
  A ball python (D:1)
  2 frilled lizards (D:2)
  A kobold (D:1)
  3 rats
19 creatures vanquished.

Notes
Turn   | Place    | Note
-------+----------+-------------------------------------------
     0 | D:1      | Inarius the Minotaur Berserker began the quest for the Orb.
     0 | D:1      | Reached XP level 1. HP: 19/19 MP: 0/0
   585 | D:1      | Reached XP level 2. HP: 27/27 MP: 1/1
   943 | D:2      | Noticed Terence
   964 | D:2      | Killed Terence
   964 | D:2      | Reached XP level 3. HP: 9/33 MP: 2/2
  1651 | D:3      | Gained mutation: You are dopey. (Int -2) [potion of mutation]
  1651 | D:3      | Gained mutation: You have a pair of large horns on your head. [potion of mutation]
  1651 | D:3      | Gained mutation: You are somewhat resistant to further mutation. [potion of mutation]
  1652 | D:3      | Mangled by a gnoll

Skill      XL: |  1  2  3 |
---------------+----------+-----
Fighting       | 4 |  4.4
Axes           | 4 |  4.4
Armour         | 3 |  3.0
Dodging        | |  2.4

Action                   || total
-------------------------++-------
Melee: Hand axe          ||    50
       Headbutt          ||    12
       Flail             ||    15
Throw: Javelin           ||     3
  Use: Potion            ||     2
  Eat: Chunk             ||     2
Armor: Animal skin       ||     4
       Ring mail         ||     2
       Scale mail        ||    13
Dodge: Dodged            ||    35
